[Event "23rd ETCC Women 2021"]
[Site "Catez"]
[Date "2021.11.21"]
[Round "9.33"]
[White "Bulmaga, Irina"]
[Black "Vega Gutierrez, Sabrina"]
[Result "1-0"]
[ECO "B22"]
[WhiteElo "2405"]
[BlackElo "2394"]
[Annotator "NA"]
[PlyCount "149"]
[EventDate "2021.11.08"]
[EventType "team-tourn"]
[EventCountry "SLO"]
[SourceTitle "playchess.com"]
[Source "ChessBase"]
[SourceQuality "1"]
[WhiteTeam "Romania"]
[BlackTeam "Spain"]
[WhiteTeamCountry "ROU"]
[BlackTeamCountry "ESP"]
[TimeControl "40/5400+30:1800+30"]

1. e4 c5 2. Nf3 e6 3. c3 Nf6 4. e5 Nd5 5. d4 cxd4 6. cxd4 d6 7. Bc4 Be7 8. O-O O-O 9. Qe2 b6 10. Rd1 Bb7 11. Bxd5 exd5 12. Nc3 Na6 13. Nb5 Nc7 14. Nxc7 Qxc7 15. Bg5 f6 16. exf6 Bxf6 17. Qe6+ Kh8 18. Rac1 Qd8 19. Bxf6 Rxf6 20. Qe3 Bc8 21. Re1 Bg4 22. Nd2 Re6 23. Qf4 Qe7 24. Rxe6 Qxe6 25. Nf1 Qd7 26. h3 Be6 27. Rc3 Kg8 28. Qc1 Qa4 29. Qe3 Re8 30. b3 Qd7 31. Qc1 Re7 32. Re3 h6 33. Qe1 Re8 34. Ng3 Qf7 35.
Nf1 Qg6 36. Nd2 Kh7 37. Kh1 Qf6 38. Nf3 Kg8 39. Qe2 Re7 40.
Ne1 Kh8 41. Nc2 Re8 42. a3 Qg6 43. Nb4 Bf7 44. Rxe8+ Bxe8 45. Qe7 Qe4 46. Qxd6 Qe1+ 47. Kh2 Qxf2 48. Qb8 Qf7 49. Qe5 a5 50. Nxd5 b5 51. Nc7 Bd7 52. d5 Qf2 53. Ne6 Qf7 54. Nc5 Be8 55.
b4 axb4 56. axb4 Qg6 57. Ne6 Bd7 58. Qb8+ Be8 59. Nc7 Qd6+ 60. Kg1 Kh7 61. Qxe8 Qxc7 62. Qxb5 Qc3 63. Kf2 Qd4+ 64. Kf3 Qf6+ 65. Ke3 Qe5+ 66. Kd3 Qg3+ 67. Kc4 Qxg2 68. Qd7 Qc2+ 69. Kb5 Qd3+ 70. Kb6 Qd4+ 71. Ka5 Qa1+ 72. Kb5 Qf1+ 73. Kb6 Qf2+ 74. Kb7 Qd4 75. b5 1-0

[Event "23rd ETCC Women 2021"]
[Site "Catez"]
[Date "2021.11.21"]
[Round "9.34"]
[White "Garcia Martin, Marta"]
[Black "Peptan, Corina-Isabela"]
[Result "1/2-1/2"]
[ECO "B13"]
[WhiteElo "2324"]
[BlackElo "2385"]
[Annotator "NA"]
[PlyCount "114"]
[EventDate "2021.11.08"]
[EventType "team-tourn"]
[EventCountry "SLO"]
[SourceTitle "playchess.com"]
[Source "ChessBase"]
[SourceQuality "1"]
[WhiteTeam "Spain"]
[BlackTeam "Romania"]
[WhiteTeamCountry "ESP"]
[BlackTeamCountry "ROU"]
[TimeControl "40/5400+30:1800+30"]

1. e4 c6 2. d4 d5 3. exd5 cxd5 4. Nf3 Nc6 5. Bb5 e6 6. Ne5 Bd7 7. Nxd7 Qxd7 8. c3 Nf6 9. O-O Bd6 10. Nd2 O-O 11. Re1 Qc7 12. g3 h6 13. Bd3 e5 14. dxe5 Nxe5 15. Nf3 Nxd3 16. Qxd3 Rfe8 17. Be3 a6 18. Qf5 Qc8 19. Nd4 Re5 20. Qxc8+ Rxc8 21. Red1 Bc5 22. Nc2 Bxe3 23. Nxe3 Rc5 24. Rd3 Rb5 25. b4 Rb6 26. a4 Rc6 27. f3 Re7 28. Kf2 Rec7 29. Ra3 Rd7 30. a5 g6 31. g4 Kf8 32. h4 Rcd6 33. Rd4 h5 34. g5 Ne8 35. Ra1 Nc7 36. Rad1 Ke7 37. f4 Nb5 38. Rxd5 Nxc3 39. Re5+ Re6 40. Rxe6+ Kxe6 41. Re1 Rd2+ 42.
Kf3 Rd3 43. Kg2 Ne4 44. Kf3 f5 45. gxf6 Nxf6 46. Kg2 Ne4 47.
Kf3 Nc3 48. Kf2 Kf6 49. Rc1 Ne4+ 50. Kf3 Nd6 51. Ke2 Rd4 52. Rc5 Ke6 53. Rg5 Rxf4 54. Rxg6+ Kd7 55. Rg7+ Kc6 56. Rg6 Kd7 57. Rg7+ Kc6 1/2-1/2

[Event "23rd ETCC Women 2021"]
[Site "Catez"]
[Date "2021.11.21"]
[Round "9.35"]
[White "Sandu, Mihaela"]
[Black "Eizaguerri Floris, Maria"]
[Result "1-0"]
[ECO "B92"]
[WhiteElo "2244"]
[BlackElo "2328"]
[Annotator "NA"]
[PlyCount "109"]
[EventDate "2021.11.08"]
[EventType "team-tourn"]
[EventCountry "SLO"]
[SourceTitle "playchess.com"]
[Source "ChessBase"]
[SourceQuality "1"]
[WhiteTeam "Romania"]
[BlackTeam "Spain"]
[WhiteTeamCountry "ROU"]
[BlackTeamCountry "ESP"]
[TimeControl "40/5400+30:1800+30"]

1. e4 c5 2. Nf3 d6 3. d4 cxd4 4. Nxd4 Nf6 5. Nc3 a6 6. Be2 e5 7. Nf3 Be7 8. O-O O-O 9. Bg5 Nbd7 10. Bc4 b5 11. Bb3 Bb7 12. Re1 Rc8 13.
Re2 Rc7 14. Bxf6 Nxf6 15. Nd5 Nxd5 16. Bxd5 Bxd5 17. Qxd5 Qc8 18. c3 Rc5 19. Qb3 Qc7 20. Ne1 Rc4 21. Nd3 Qb7 22. Nb4 Bg5 23. Nd5 f5 24. f3 fxe4 25. fxe4 Qa7+ 26. Kh1 Kh8 27. Qd1 Rf7 28. Qg1 Qxg1+ 29. Kxg1 Rc8 30. a4 h5 31. g3 h4 32. Kg2 Rcf8 33. axb5 axb5 34. Ra6 h3+ 35. Kxh3 Rf2 36. Rxf2 Rxf2 37. b4 Re2 38. Kg4 Bh6 39. Kf3 Rxh2 40. Rb6 Rc2 41. Rxb5 Bd2 42. Rb8+ Kh7 43. b5 Rb2 44. c4 Be1 45. Rd8 Rb3+ 46. Ke2 Bxg3 47. Rxd6 Rb2+ 48. Kd3 Bf2 49. b6 g5 50. Rc6 Kg7 51. c5 g4 52. Rc7+ Kg6 53. b7 Bxc5 54. Rc6+ Kg5 55. Nb6 1-0

[Event "23rd ETCC Women 2021"]
[Site "Catez"]
[Date "2021.11.21"]
[Round "9.36"]
[White "Calzetta Ruiz, Monica"]
[Black "Ciolacu, Alessia-Mihaela"]
[Result "0-1"]
[ECO "C77"]
[WhiteElo "2201"]
[BlackElo "2263"]
[Annotator "NA"]
[PlyCount "136"]
[EventDate "2021.11.08"]
[EventType "team-tourn"]
[EventCountry "SLO"]
[SourceTitle "playchess.com"]
[Source "ChessBase"]
[SourceQuality "1"]
[WhiteTeam "Spain"]
[BlackTeam "Romania"]
[WhiteTeamCountry "ESP"]
[BlackTeamCountry "ROU"]
[TimeControl "40/5400+30:1800+30"]

1. e4 e5 2. Nf3 Nc6 3. Bb5 a6 4. Ba4 Nf6 5. d3 Bc5 6. Nc3 h6 7. Bxc6 dxc6 8. Nxe5 Bxf2+ 9. Kxf2 Qd4+ 10. Be3 Qxe5 11. h3 Be6 12. Qf3 c5 13. Qf4 Qxf4+ 14. Bxf4 O-O-O 15. b3 Ng8 16.
Rhf1 Ne7 17. Kg1 Nc6 18. Rf2 b6 19. Raf1 Rd7 20. Nd1 Rhd8 21. Ne3 b5 22. Bg3 f6 23. Kh2 c4 24. bxc4 bxc4 25. dxc4 Rd4 26. Nd5 Rd7 27. e5 fxe5 28. Rf8+ Rd8 29. Rxd8+ Kxd8 30. Re1 Rxc4 31. Ne3 Ra4 32. Rd1+ Ke7 33. Nd5+ Bxd5 34. Rxd5 Ke6 35. Rc5 Kd6 36. Rc3 Rxa2
37. Rd3+ Ke6 38. Rc3 Kd7 39. Rd3+ Kc8 40. Rc3 Kd7 41. Rd3+ Ke6 42. Rc3 Kd5 43. Rd3+ Nd4 44. c3 Ke4 45. Rd1 Ne2 46. Rd7 Nxg3 47. Kxg3 c5 48.
Rxg7 Kd3 49. Rg6 e4 50. Rxh6 e3 51. h4 Ra1 52. Rd6+ Ke2 53.
h5 Rh1 54. Rxa6 Rxh5 55. Re6 Rf5 56. c4 Kd2 57. Rd6+ Ke1 58.
Kg4 Rf8 59. Rd5 e2 60. Rxc5 Kf1 61. Re5 e1=Q 62. Rxe1+ Kxe1 63. Kh5 Kf2 64. g4 Kf3 65. g5 Kf4 66. Kh6 Rg8 67. g6 Kf5 68. g7 Kf6 0-1

[Event "23rd ETCC Women 2021"]
[Site "Catez"]
[Date "2021.11.21"]
[Round "9.37"]
[White "Atalik, Ekaterina"]
[Black "Unuk, Laura"]
[Result "1/2-1/2"]
[ECO "D36"]
[WhiteElo "2430"]
[BlackElo "2353"]
[Annotator "NA"]
[PlyCount "70"]
[EventDate "2021.11.08"]
[EventType "team-tourn"]
[EventCountry "SLO"]
[SourceTitle "playchess.com"]
[Source "ChessBase"]
[SourceQuality "1"]
[WhiteTeam "Turkey"]
[BlackTeam "Slovenia"]
[WhiteTeamCountry "TUR"]
[BlackTeamCountry "SLO"]
[TimeControl "40/5400+30:1800+30"]

1. d4 d5 2. c4 e6 3. Nc3 Nf6 4. cxd5 exd5 5. Bg5 c6 6. e3 h6 7. Bh4 Be7 8. Bd3 O-O 9. Qc2 Re8 10. Nf3 Ne4 11. Bxe7 Qxe7 12. Bxe4 dxe4 13. Nd2 Bf5 14. O-O Nd7 15. Rae1 Qe6 16. Qb3 Qg6 17. f3 exf3 18. Nxf3 Be6 19. Qxb7 Rab8 20. Qxc6 Rb6 21. Qa4 Rxb2 22. Re2 Rxe2 23. Nxe2 Qd3 24. Ng3 Qxe3+ 25. Kh1 Rc8 26. Qxa7 Nf6 27. Qa5 Rc2 28. Qe5 Qa3 29. Qb8+ Kh7 30. Qb1 Qxa2 31. Qxa2 Rxa2 32. Kg1 Nd5 33. Rf2 Ra1+ 34. Rf1 Ra2 35. Rf2 Ra1+ 1/2-1/2

[Event "23rd ETCC Women 2021"]
[Site "Catez"]
[Date "2021.11.21"]
[Round "9.38"]
[White "Urh, Zala"]
[Black "Caglar, Sila"]
[Result "0-1"]
[ECO "D02"]
[WhiteElo "2332"]
[BlackElo "2250"]
[Annotator "NA"]
[PlyCount "86"]
[EventDate "2021.11.08"]
[EventType "team-tourn"]
[EventCountry "SLO"]
[SourceTitle "playchess.com"]
[Source "ChessBase"]
[SourceQuality "1"]
[WhiteTeam "Slovenia"]
[BlackTeam "Turkey"]
[WhiteTeamCountry "SLO"]
[BlackTeamCountry "TUR"]
[TimeControl "40/5400+30:1800+30"]

1. d4 Nf6 2. Nf3 e6 3. Bf4 b6 4. e3 Bb7 5. Nbd2 d5 6. Bd3 Be7 7. Ne5 O-O 8. O-O c5 9. c3 Nc6 10. Bg3 Nxe5 11. dxe5 Nd7 12. Qh5 g6 13. Qe2 f6 14. exf6 Bxf6 15. e4 Qe7 16. Rae1 Rae8 17. Bb5 Rf7 18. e5 Bg7 19. h4 Ref8 20. Nf3 Bh6 21. h5 Bf4 22. hxg6 hxg6 23. Bd3 g5 24. Bg6 Rg7 25. Bc2 Kf7 26. Nh4 Rh8 27. Qf3 gxh4 28.
Bxf4 Ke8 29. Kh2 Nf8 30. Rg1 Kd8 31. Bc1 Nd7 32. Re2 Ba6 33.
Ree1 Kc7 34. Qf4 Rf8 35. Qa4 Bb7 36. Re2 Rfg8 37. b4 Rg4 38.
f3 Rc4 39. Qb3 Qg7 40. bxc5 Qg3+ 41. Kh1 h3 42. cxb6+ axb6 43. f4 Rh8 0-1

[Event "23rd ETCC Women 2021"]
[Site "Catez"]
[Date "2021.11.21"]
[Round "9.39"]
[White "Aydin, Gulenay"]
[Black "Janzelj, Lara"]
[Result "1/2-1/2"]
[ECO "C48"]
[WhiteElo "2114"]
[BlackElo "2150"]
[Annotator "NA"]
[PlyCount "83"]
[EventDate "2021.11.08"]
[EventType "team-tourn"]
[EventCountry "SLO"]
[SourceTitle "playchess.com"]
[Source "ChessBase"]
[SourceQuality "1"]
[WhiteTeam "Turkey"]
[BlackTeam "Slovenia"]
[WhiteTeamCountry "TUR"]
[BlackTeamCountry "SLO"]
[TimeControl "40/5400+30:1800+30"]

1. e4 e5 2. Nf3 Nc6 3. Nc3 Nf6 4. Bb5 Bd6 5. d3 h6 6. a3 O-O 7. g4 Nh7 8. Rg1 Bc5 9. Bc4 Nd4 10. Be3 c6 11. g5 Nxf3+ 12. Qxf3 Nxg5 13. Qg3 Bxe3 14. fxe3 Qf6 15. O-O-O d6 16. Rdf1 Qe7 17. h4 Ne6 18. d4 exd4 19. exd4 g6 20. d5 Nc5 21. dxc6 Kh8 22. Qf4 Kg7 23. Nd5 Qxe4 24. Rxg6+ Qxg6 25. Qd4+ Kh7 26. Nf6+ Kh8 27. Nd7+ Qg7 28. Qxg7+ Kxg7 29. Rg1+ Kh8 30. Nxf8 Bh3 31. Nd7 Nxd7 32. cxd7 Bxd7 33. Bxf7 Bf5 34. Bd5 Rc8 35. c3 Kh7 36. Bxb7 Rc4 37. Rd1 Rxh4 38. Rxd6 Rf4 39. Bg2 h5 40. Rd4 Rf2 41. Rd2 Rf4 42. Rd4 1/2-1/2

[Event "23rd ETCC Women 2021"]
[Site "Catez"]
[Date "2021.11.21"]
[Round "9.40"]
[White "Krivec, Jana"]
[Black "Onur, Cigdem"]
[Result "1-0"]
[ECO "B21"]
[WhiteElo "2227"]
[BlackElo "2015"]
[Annotator "NA"]
[PlyCount "51"]
[EventDate "2021.11.08"]
[EventType "team-tourn"]
[EventCountry "SLO"]
[SourceTitle "playchess.com"]
[Source "ChessBase"]
[SourceQuality "1"]
[WhiteTeam "Slovenia"]
[BlackTeam "Turkey"]
[WhiteTeamCountry "SLO"]
[BlackTeamCountry "TUR"]
[TimeControl "40/5400+30:1800+30"]

1. e4 c5 2. f4 d5 3. exd5 Qxd5 4. Nc3 Qd8 5. Nf3 Nc6 6. Bb5 Bd7 7. Bxc6 Bxc6 8. Qe2 Nh6 9. Ne5 Rc8 10. Nb5 f6 11. Nxc6 Rxc6 12. Nxa7 Rb6 13. a4 Qb8 14. Nb5 Qxf4 15. d4 Qh4+ 16. g3 Qh3 17. Bxh6 gxh6 18. a5 Rc6 19. d5 Ra6 20. Nc7+ Kd8 21. Nxa6 bxa6 22. Qxa6 Qg2 23. O-O-O Rg8 24. Qa8+ Kd7 25. Qc6+ Kd8 26. a6 1-0

[Event "23rd ETCC Women 2021"]
[Site "Catez"]
[Date "2021.11.21"]
[Round "9.41"]
[White "Novkovic, Julia"]
[Black "Cramling, Pia"]
[Result "0-1"]
[ECO "B27"]
[WhiteElo "2082"]
[BlackElo "2457"]
[Annotator "ChessBase"]
[PlyCount "80"]
[EventDate "2021.11.08"]
[EventType "team-tourn"]
[EventCountry "SLO"]
[SourceTitle "playchess.com"]
[Source "ChessBase"]
[SourceQuality "1"]
[WhiteTeam "Austria"]
[BlackTeam "Sweden"]
[WhiteTeamCountry "AUT"]
[BlackTeamCountry "SWE"]
[TimeControl "40/5400+30:1800+30"]

1. e4 c5 2. Nf3 Nc6 3. Bb5 Nf6 4. e5 Nd5 5. O-O g6 6. Bxc6 bxc6 7. c4 Nc7 8. d4 cxd4 9. Qxd4 Bg7 10. Qh4 h6 11. Nc3 Ne6 12. Re1 Rb8 13.
b3 d6 14. Bb2 O-O 15. Rad1 Qc7 16. Na4 d5 17. cxd5 cxd5 18. Rxd5 g5 19. Qc4 Qxc4 20. bxc4 Rb4 21. Ra5 Bd7 22. Nc5 Nxc5 23. Ba3 Ra4 24. Rxa4 Nxa4 25. Bxe7 Rc8 26. Rc1 Nc5 27. Rd1 Be6 28. h3 Bxc4 29. h4 g4 30. Nd2 Be6 31. f4 Na4 32. Nf1 Nc3 33. Rd2 Nd5 34. f5 Nxe7 35. fxe6 fxe6 36. Rd7 Nf5 37. Rxa7 Bxe5 38. Ra5 Bd4+ 39. Kh2 Rc1 40. Ra8+ Kf7 0-1

[Event "23rd ETCC Women 2021"]
[Site "Catez"]
[Date "2021.11.21"]
[Round "9.42"]
[White "Agrest, Inna"]
[Black "Teuschler, Barbara"]
[Result "1-0"]
[ECO "B45"]
[WhiteElo "2258"]
[BlackElo "2115"]
[Annotator "NA"]
[PlyCount "61"]
[EventDate "2021.11.08"]
[EventType "team-tourn"]
[EventCountry "SLO"]
[SourceTitle "playchess.com"]
[Source "ChessBase"]
[SourceQuality "1"]
[WhiteTeam "Sweden"]
[BlackTeam "Austria"]
[WhiteTeamCountry "SWE"]
[BlackTeamCountry "AUT"]
[TimeControl "40/5400+30:1800+30"]

1. e4 c5 2. Nf3 e6 3. d4 cxd4 4. Nxd4 Nf6 5. Nc3 Nc6 6. Be2 Bb4 7. O-O Bxc3 8. bxc3 Nxe4 9. Nxc6 dxc6 10. Bd3 Nc5 11. Qg4 Qf6 12. Bg5 Qxc3 13. Rad1 e5 14. Qg3 Ne6 15. Rfe1 Nxg5 16. Qxg5 O-O 17. Re3 e4 18. Bxe4 Qb2 19. Rg3 f5 20. c3 g6 21. Bd3 Qxc3 22. h4 Qf6 23.
Bc4+ Kg7 24. Qf4 Be6 25. Bxe6 Qxe6 26. Re3 Qf6 27. Rd6 Qa1+ 28. Kh2 Rf7 29. h5 Raf8 30. hxg6 hxg6 31. Rxg6+ 1-0

[Event "23rd ETCC Women 2021"]
[Site "Catez"]
[Date "2021.11.21"]
[Round "9.43"]
[White "Froewis, Annika"]
[Black "Zaritovskaja, Margarita"]
[Result "1/2-1/2"]
[ECO "B81"]
[WhiteElo "2079"]
[BlackElo "2040"]
[Annotator "NA"]
[PlyCount "83"]
[EventDate "2021.11.08"]
[EventType "team-tourn"]
[EventCountry "SLO"]
[SourceTitle "playchess.com"]
[Source "ChessBase"]
[SourceQuality "1"]
[WhiteTeam "Austria"]
[BlackTeam "Sweden"]
[WhiteTeamCountry "AUT"]
[BlackTeamCountry "SWE"]
[TimeControl "40/5400+30:1800+30"]

1. e4 c5 2. Nf3 d6 3. d4 cxd4 4. Nxd4 Nf6 5. Nc3 a6 6. h3 e6 7. g4 b5 8. Bg2 Bb7 9. a3 Qc7 10. g5 Nfd7 11. f4 Nc6 12. Nxc6 Qxc6 13. Qe2 O-O-O 14. O-O Nb6 15. f5 d5 16. fxe6 fxe6 17. exd5 Bc5+ 18. Be3 exd5 19. Bxc5 Qxc5+ 20. Qf2 Qxf2+ 21. Rxf2 Nc4 22. Re1 Rhe8 23. Rxe8 Rxe8 24. Rf7 Re1+ 25. Kh2 Rc1 26. Bxd5 Rxc2+ 27. Kg1 Bxd5 28. Nxd5 Rxb2 29. Rxg7 Ne5 30. Kf1 Nf3 31. Nf6 Nh2+ 32. Ke1 Nf3+ 33. Kd1 Rh2 34. Nxh7 Rxh3 35. g6 Ne5 36. Nf6 Nxg6 37. Rxg6 Rxa3 38. Rg7 a5 39. Kc2 a4 40. Ne4 b4 41. Nd6+ Kd8 42. Nb7+ 1/2-1/2

[Event "23rd ETCC Women 2021"]
[Site "Catez"]
[Date "2021.11.21"]
[Round "9.44"]
[White "Cramling Bellon, Anna"]
[Black "Mayrhuber, Nikola"]
[Result "1-0"]
[ECO "E11"]
[WhiteElo "2035"]
[BlackElo "2091"]
[Annotator "NA"]
[PlyCount "85"]
[EventDate "2021.11.08"]
[EventType "team-tourn"]
[EventCountry "SLO"]
[SourceTitle "playchess.com"]
[Source "ChessBase"]
[SourceQuality "1"]
[WhiteTeam "Sweden"]
[BlackTeam "Austria"]
[WhiteTeamCountry "SWE"]
[BlackTeamCountry "AUT"]
[TimeControl "40/5400+30:1800+30"]

1. d4 e6 2. c4 Nf6 3. Nf3 Bb4+ 4. Bd2 Qe7 5. a3 Bxd2+ 6. Qxd2 d6 7. Nc3 O-O 8. e4 e5 9. dxe5 dxe5 10. Qg5 Nc6 11. Bd3 Bg4 12. Nd5 Nxd5 13.
cxd5 Bxf3 14. Qxe7 Nxe7 15. gxf3 c6 16. O-O-O cxd5 17. exd5 Rfd8 18. d6 Nc8 19. Rhe1 f6 20. f4 exf4 21. d7 Nb6 22. Bf5 g6 23. Be6+ Kf8 24. Rd4 f5 25. a4 a5 26. h4 Ra6 27. h5 Na8 28.
Bg8 Rc6+ 29. Kb1 h6 30. hxg6 Rxg6 31. Bh7 Rf6 32. Re5 Nb6 33. Bxf5 Kf7 34. Rde4 Rd6 35. Rxf4 Kf6 36. Re8 Kg5 37. Rxd8 Kxf4 38. Rf8 Nxd7 39. Bxd7+ Ke5 40. Bb5 Kd4 41. Rf7 Ke5 42. Rxb7 Rf6 43. Be8 1-0

[Event "23rd ETCC Women 2021"]
[Site "Catez"]
[Date "2021.11.21"]
[Round "9.45"]
[White "Shvayger, Yuliya"]
[Black "Cvitan, Ena"]
[Result "1/2-1/2"]
[ECO "B11"]
[WhiteElo "2351"]
[BlackElo "2234"]
[Annotator "NA"]
[PlyCount "48"]
[EventDate "2021.11.08"]
[EventType "team-tourn"]
[EventCountry "SLO"]
[SourceTitle "playchess.com"]
[Source "ChessBase"]
[SourceQuality "1"]
[WhiteTeam "Israel"]
[BlackTeam "Croatia"]
[WhiteTeamCountry "ISR"]
[BlackTeamCountry "CRO"]
[TimeControl "40/5400+30:1800+30"]

1. e4 c6 2. Nf3 d5 3. Nc3 dxe4 4. Nxe4 Nf6 5. Qe2 Nxe4 6. Qxe4 Nd7 7. d4 Nf6 8. Qd3 g6 9. Be2 Bg7 10. O-O O-O 11. c4 Qc7 12. Bg5 Re8 13.
h3 h6 14. Be3 Bf5 15. Qb3 Rad8 16. Rac1 g5 17. Rfd1 e6 18. Bd3 Bxd3 19. Rxd3 Qb8 20. Qd1 Ne4 21. Qe2 Nf6 22. Qd1 Ne4 23. Qe2 Nf6 24. Qd1 Ne4 1/2-1/2

[Event "23rd ETCC Women 2021"]
[Site "Catez"]
[Date "2021.11.21"]
[Round "9.46"]
[White "Medic, Mirjana"]
[Black "Klinova, Masha"]
[Result "1-0"]
[ECO "E62"]
[WhiteElo "2196"]
[BlackElo "2264"]
[Annotator "NA"]
[PlyCount "71"]
[EventDate "2021.11.08"]
[EventType "team-tourn"]
[EventCountry "SLO"]
[SourceTitle "playchess.com"]
[Source "ChessBase"]
[SourceQuality "1"]
[WhiteTeam "Croatia"]
[BlackTeam "Israel"]
[WhiteTeamCountry "CRO"]
[BlackTeamCountry "ISR"]
[TimeControl "40/5400+30:1800+30"]

1. d4 d6 2. Nf3 g6 3. c4 Nf6 4. g3 Bg7 5. Bg2 O-O 6. O-O Nc6 7. Nc3 e5 8. d5 Ne7 9. Ne1 Nd7 10. Nd3 f5 11. e4 Nf6 12. exf5 Bxf5 13. f4 c6 14. dxc6 Nxc6 15. Nd5 Nxd5 16. Bxd5+ Kh8 17. Be3 Qe7 18. Qd2 Rae8 19. Rae1 Bxd3 20. Qxd3 exf4 21. Bxf4 Qxe1 22. Rxe1 Rxe1+ 23.
Kg2 Rfe8 24. Kh3 Ne5 25. Qd2 Rb1 26. Qc2 Ra1 27. Qa4 Rf8 28.
Qxa7 Rb1 29. Qa3 Nc6 30. Qxd6 Rxb2 31. a4 g5 32. Bxg5 Rff2 33. Bf4 h5 34. Kh4 Rxh2+ 35. Kg5 h4 36. Qe6 1-0

[Event "23rd ETCC Women 2021"]
[Site "Catez"]
[Date "2021.11.21"]
[Round "9.47"]
[White "Shapir, Maya"]
[Black "Berke, Ana"]
[Result "1-0"]
[ECO "E11"]
[WhiteElo "2256"]
[BlackElo "2135"]
[Annotator "NA"]
[PlyCount "75"]
[EventDate "2021.11.08"]
[EventType "team-tourn"]
[EventCountry "SLO"]
[SourceTitle "playchess.com"]
[Source "ChessBase"]
[SourceQuality "1"]
[WhiteTeam "Israel"]
[BlackTeam "Croatia"]
[WhiteTeamCountry "ISR"]
[BlackTeamCountry "CRO"]
[TimeControl "40/5400+30:1800+30"]

1. d4 Nf6 2. c4 e6 3. Nf3 Bb4+ 4. Bd2 Qe7 5. g3 Nc6 6. Bg2 Bxd2+ 7. Nbxd2 d6 8. e4 e5 9. d5 Nb8 10. O-O O-O 11. Ne1 a5 12. Nd3 Na6 13.
Qc2 Bd7 14. Rac1 c6 15. dxc6 bxc6 16. c5 d5 17. a3 Rab8 18. Rfe1 dxe4 19. Nxe4 Bf5 20. Qc4 Nc7 21. Nxf6+ Qxf6 22. Nxe5 Rxb2 23. Qc3 Ra2 24. Nxc6 Be6 25. Qxf6 gxf6 26. Re3 Nb5 27. Ne7+ Kg7 28. c6 Nd4 29. Bf1 Re8 30. Bc4 Rc2 31. Rxc2 Nxc2 32. Rxe6 fxe6 33. c7 Nxa3 34. Bd3 e5 35. c8=Q Rxc8 36. Nxc8 e4 37. Bxe4 Nc4 38. Bd5 1-0

[Event "23rd ETCC Women 2021"]
[Site "Catez"]
[Date "2021.11.21"]
[Round "9.48"]
[White "Vujnovic, Patricija"]
[Black "Katkov, Michelle"]
[Result "1/2-1/2"]
[ECO "C31"]
[WhiteElo "2151"]
[BlackElo "2059"]
[Annotator "NA"]
[PlyCount "122"]
[EventDate "2021.11.08"]
[EventType "team-tourn"]
[EventCountry "SLO"]
[SourceTitle "playchess.com"]
[Source "ChessBase"]
[SourceQuality "1"]
[WhiteTeam "Croatia"]
[BlackTeam "Israel"]
[WhiteTeamCountry "CRO"]
[BlackTeamCountry "ISR"]
[TimeControl "40/5400+30:1800+30"]

1. e4 e5 2. f4 d5 3. exd5 Qxd5 4. Nc3 Qe6 5. fxe5 Qxe5+ 6. Be2 Nc6 7. Nf3 Qa5 8. O-O Be6 9. d4 O-O-O 10. Be3 Nf6 11. Kh1 Ng4 12. Bg1 Qh5 13. Ne4 f5 14. Neg5 Bg8 15. Bd3 g6 16. c3 Bh6 17. Nh3 Bd5 18.
b4 Be3 19. Qa4 Kb8 20. b5 Ne7 21. Rae1 Be4 22. Bxe4 fxe4 23. Bxe3 exf3 24. Rxf3 Nf5 25. Bg1 Nh4 26. Rf4 g5 27. Rfe4 Nf6 28. Re5 Nf3 29. Nf4 Qg4 30. gxf3 Qxf4 31. Qd1 Rhg8 32. Qe2 g4 33. fxg4 Nxg4 34. Re4 Qf5 35. Rf1 Qg5 36. c4 h5 37. d5 h4 38. h3 Nf6 39. Re5 Qg7 40. Re7 Qg3 41. Bh2 Nh5 42. Bxg3 Nxg3+ 43. Kh2 Nxe2 44. Rxe2 Rde8 45. Rxe8+ Rxe8 46. Rf4 Re2+ 47. Kg1 b6 48. Rxh4 Rxa2 49. Re4 a6 50. bxa6 Rxa6 51. h4 b5 52. c5 Rh6 53. Kg2 Rh5 54. d6 cxd6 55. cxd6 Rd5 56. Re6 Kc8 57. Kf3 Kd7 58. Rg6 b4 59. Ke4 Rb5 60. Kd3 b3 61. Rg1 Kxd6 1/2-1/2

[Event "23rd ETCC Women 2021"]
[Site "Catez"]
[Date "2021.11.21"]
[Round "9.49"]
[White "Toma, Katarzyna"]
[Black "Georgescu, Lena"]
[Result "1-0"]
[ECO "B23"]
[WhiteElo "2261"]
[BlackElo "2262"]
[Annotator "NA"]
[PlyCount "119"]
[EventDate "2021.11.08"]
[EventType "team-tourn"]
[EventCountry "SLO"]
[SourceTitle "playchess.com"]
[Source "ChessBase"]
[SourceQuality "1"]
[WhiteTeam "England"]
[BlackTeam "Switzerland"]
[WhiteTeamCountry "ENG"]
[BlackTeamCountry "SUI"]
[TimeControl "40/5400+30:1800+30"]

1. e4 c5 2. Nc3 d6 3. d4 cxd4 4. Qxd4 Nc6 5. Qd2 g6 6. b3 Bh6 7. f4 Nf6 8. Bb2 O-O 9. O-O-O e5 10. g3 Re8 11. Bg2 exf4 12. Kb1 Bg4 13.
Bf3 Bxf3 14. Nxf3 Bg7 15. Qxf4 Qe7 16. Rhe1 Ne5 17. Nxe5 dxe5 18. Qf3 Qe6 19. Nb5 Qc6 20. c4 a6 21. Rd6 Qc8 22. Nc3 Re6 23. Red1 Qc7 24. R6d3 Ree8 25. g4 b5 26. cxb5 axb5 27. g5 Nh5 28. Rd7 Qa5 29. Qxf7+ Kh8 30. Qd5 Rab8 31. Qc5 Rec8 32. Ra7 Qxa2+ 33. Kxa2 Rxc5 34. Rdd7 Rcc8 35. Rab7 Rxb7 36.
Rxb7 Kg8 37. Rxb5 Rf8 38. Nd5 Rf2 39. Rb8+ Kf7 40. b4 Bf8 41. Kb3 Re2 42. Nc3 Rxh2 43. b5 Nf4 44. b6 Bd6 45. Ra8 Ne6 46. Nb5 Nc5+ 47. Kc4 Nxe4 48. Ba3 Bxa3 49. Rxa3 Rc2+ 50. Nc3 Nd6+ 51. Kd5 Rd2+ 52. Kc6 Ke6 53. Na4 Nc4 54. Nc5+ Kf5 55. b7 Rb2 56. Nb3 Rxb3 57. Rxb3 Na5+ 58. Kd5 Nxb7 59. Rxb7 Kxg5 60. Rxh7 1-0

[Event "23rd ETCC Women 2021"]
[Site "Catez"]
[Date "2021.11.21"]
[Round "9.50"]
[White "Hakimifard, Ghazal"]
[Black "Head, Louise"]
[Result "1-0"]
[ECO "B17"]
[WhiteElo "2267"]
[BlackElo "2069"]
[Annotator "NA"]
[PlyCount "79"]
[EventDate "2021.11.08"]
[EventType "team-tourn"]
[EventCountry "SLO"]
[SourceTitle "playchess.com"]
[Source "ChessBase"]
[SourceQuality "1"]
[WhiteTeam "Switzerland"]
[BlackTeam "England"]
[WhiteTeamCountry "SUI"]
[BlackTeamCountry "ENG"]
[TimeControl "40/5400+30:1800+30"]

1. e4 c6 2. d4 d5 3. Nd2 dxe4 4. Nxe4 Nd7 5. Bd3 Ngf6 6. Ng5 e6 7. N1f3 Bd6 8. Qe2 h6 9. Ne4 Nxe4 10. Qxe4 Qc7 11. Bd2 b6 12. O-O-O Bb7 13. Qe2 Bf4 14. Rhe1 O-O-O 15. Ba6 Bxd2+ 16. Rxd2 Qf4 17. Qc4 Kb8 18. Bxb7 Kxb7 19. Re3 b5 20. Qb4 a6 21. Ra3 Rhe8 22. Ne1 f6 23. Nd3 Qc7 24. Re2 Rc8 25. Qe1 Qd6 26. Qa5 Ra8 27. Nb4 Nb8 28. Rae3 Nd7 29. Nd3 Re7 30. f4 Rae8 31. Qc3 Kb6 32. a4 c5 33. dxc5+ Nxc5 34. a5+ Kb7 35. Qxc5 Qd8 36. Qb4 Rc7 37. Nc5+ Ka8 38. Nxe6 Rxe6 39. Rxe6 Ka7 40. Re7 1-0